 Dungeon Crawl Stone Soup version 0.26-b1-32-g5d43845318 (webtiles) character file.

Game seed: 14745230659596393914

26 MIKEmikeMIKE the Shooter (level 3, -2/24 HPs)
             Began as a Halfling Hunter on Jan 11, 2021.
             Killed from afar by Sigmund (10 damage)
             ... with a puff of flame
             ... on level 1 of the Dungeon.
             The game lasted 00:12:36 (1536 turns).

MIKEmikeMIKE the Shooter (Halfling Hunter)          Turns: 1536, Time: 00:12:37

Health: -2/24      AC:  3    Str: 13    XL:     3   Next: 22%
Magic:  3/3        EV: 15    Int:  9    God:
Gold:   49         SH:  0    Dex: 15    Spells: 2/2 levels left

rFire    . . .     SeeInvis .   a - +1 shortbow
rCold    . . .     Faith    .   (shield currently unavailable)
rNeg     . . .     Spirit   .   c - +0 leather armour
rPois    .         Reflect  .   (no helmet)
rElec    .         Harm     .   (no cloak)
rCorr    .         Rampage  .   (no gloves)
Will     .....                  (no boots)
Stlth    ++........             (no amulet)
HPRegen  0.08/turn              (no ring)
MPRegen  0.08/turn              (no ring)

@: brilliant
A: small, mutation resistance 1
a: no special abilities


You were on level 1 of the Dungeon.
You visited 1 branch of the dungeon, and saw 2 of its levels.

You collected 49 gold pieces.

Inventory:

Hand Weapons
 a - a +1 shortbow (weapon)
 b - a +0 short sword
 g - a +0 short sword
 i - a +0 dagger
Missiles
 d - 12 arrows (quivered ammo)
Armour
 c - a +0 leather armour (worn)
 o - a +0 leather armour
Scrolls
 e - a scroll of immolation {unknown}
 f - a scroll of fog {unknown}
 h - a scroll of identify
 j - a scroll of enchant armour {unknown}


   Skills:
 + Level 1.7 Fighting
 + Level 5.3 Bows
 + Level 2.4 Dodging
 + Level 1.1 Stealth


You had 2 spell levels left.
You didn't know any spells.
Your spell library was empty.

Dungeon Overview and Level Annotations

Branches:
Dungeon (2/15)

Altars:

Annotations:
D:1 Sigmund


Innate Abilities, Weirdness & Mutations

You are small and have problems with some larger weapons.
You are somewhat resistant to further mutation.


Message History

Sigmund closely misses you.
You feel less confused. Sigmund closely misses you.
Fire: 13 arrows
Press: ? - help, Q - select action Shift-Dir - straight line, f - Sigmund
Aim: Sigmund, wielding a +0 scythe and wearing a +0 robe (lightly wounded)
You shoot an arrow. The arrow closely misses Sigmund.
Sigmund completely misses you.
You see here a cursed +0 dagger.
Sigmund hits you from afar with a +0 scythe.
* * * LOW HITPOINT WARNING * * *
It was a potion of brilliance.
You feel clever all of a sudden.
As you read the scroll labelled REDEUM GAETYOTUNK, it crumbles to dust.
You feel blessed for a moment.
It was a scroll of remove curse.
Sigmund misses you. Sigmund hits you but does no damage.
Sigmund gestures at you while chanting. The puff of flame hits you!
You die...

######### ######## ###
#........ #......# #.#
#........
#......###'####........
#......#......##.......
#...)..#......##.#####.
#...".)#......##.# #.
#.....@.......##.# #.
#..............#.# #.
#..@..(.######.#.#####.
#.)...>..(.............
#.......######.....###.
#............#.....###.
#.....(............'...
############)#.....####
###### #.#.#.#.....


You could see Sigmund.

Vanquished Creatures
  An adder (D:2)
  A giant cockroach (D:1)
  3 goblins (D:1)
  3 hobgoblins (D:1)
  5 kobolds (D:1)
  A frilled lizard (D:1)
  3 rats (D:1)
17 creatures vanquished.

Notes
Turn   | Place    | Note
-------+----------+-------------------------------------------
     0 | D:1      | MIKEmikeMIKE the Halfling Hunter began the quest for the
                  | Orb.
     0 | D:1      | Reached XP level 1. HP: 14/14 MP: 1/1
   172 | D:1      | Reached XP level 2. HP: 19/19 MP: 2/2
   518 | D:1      | Reached skill level 5 in Bows
   737 | D:2      | Noticed Sigmund
   740 | D:2      | Reached XP level 3. HP: 18/24 MP: 3/3
  1536 | D:1      | Killed from afar by Sigmund

Illustrated notes

Levels and vault maps discovered:
D:1:      doesnt_arrival_eight_statues, layout_basic
D:2:      layout_basic, grunt_dithmenos_smoke_and_mirrors, uniq_sigmund

Skill      XL: |  1  2 |
---------------+-------+-----
Bows           | 5 |  5.3
Fighting       | |  1.7
Dodging        | |  2.4
Stealth        | |  1.1

Action                   || total
-------------------------++-------
 Fire: Shortbow          ||    57
  Use: Scroll            ||     3
       Potion            ||     1
Armor: Leather armour    ||     4
Dodge: Dodged            ||    24
